 Dungeon Crawl Stone Soup version 0.22-a0-609-gfedc9ff (webtiles) character file.

3346 sking99 the Martial Artist (level 9, -2/79 HPs)
             Began as a Purple Draconian Transmuter on July 10, 2018.
             Was an Initiate of Gozag.
             Slain by a two-headed ogre
             ... wielding a +0 giant club
              (22 damage)
             ... on level 8 of the Dungeon.
             The game lasted 00:25:08 (10130 turns).

sking99 the Martial Artist (DrTm)                  Turns: 10130, Time: 00:25:08

Health: -2/79      AC:  8    Str: 18    XL:     9   Next: 72%
Magic:  10/12      EV: 15    Int: 13    God:    Gozag
Gold:   698        SH:  3    Dex: 14    Spells: 4/12 levels left

rFire    . . .     SeeInvis .     - Unarmed
rCold    . . .     Gourm    .   (no shield)
rNeg     . . .     Faith    .   (armour unavailable)
rPois    .         Spirit   .   (helmet restricted)
rElec    .         Reflect  +   (no cloak)
rCorr    .         Harm     .   n - +0 pair of gloves
MR       ++...                  (no boots)
Stlth    +.........             q - +3 amulet of reflection
HPRegen  0.23/turn              s - +4 ring of strength
MPRegen  0.13/turn              w - ring of protection from magic

@: no status effects
A: breathe power, unfitting armour, cold-blooded, AC +7
a: Breathe Dispelling Energy, Potion Petition, Call Merchant, Bribe Branch,
Renounce Religion


You were on level 8 of the Dungeon.
You worshipped Gozag.
Gozag was pleased with you.
You were not hungry.

You visited 1 branch of the dungeon, and saw 8 of its levels.
You also visited: Ossuary.

You collected 1273 gold pieces.
You paid 575 gold pieces to Gozag.

Inventory:

Missiles
 a - 127 arrows
Armour
 n - a +0 pair of gloves (worn)
Jewellery
 i - an uncursed ring of resist corrosion
 m - an uncursed ring of positive energy
 q - a +3 amulet of reflection (around neck)
 s - a +4 ring of strength (left hand)
 w - a ring of protection from magic (right hand)
Wands
 b - a wand of acid (8)
 x - a wand of polymorph (18)
Scrolls
 c - a scroll of fog {unknown}
 e - 6 scrolls of teleportation
 f - a scroll of magic mapping
 g - 6 scrolls of identify
 h - a scroll of remove curse
 j - a scroll of fear
 l - 3 scrolls of enchant weapon
 p - a scroll of blinking
 y - a scroll of holy word
Potions
 d - a potion of resistance
 k - 2 potions of curing
 o - 2 potions of brilliance
 r - a potion of flight
 t - a potion of mutation
 u - 2 potions of heal wounds
 v - a potion of agility


   Skills:
 + Level 7.1 Fighting
 + Level 6.1 Dodging
 * Level 9.7 Unarmed Combat
 - Level 2.4 Spellcasting
 - Level 5.0 Transmutations


You had 4 spell levels left.
You knew the following spells:

 Your Spells              Type           Power        Failure   Level  Hunger
a - Beastly Appendage     Tmut           ##....       3%          1    #......
b - Sticks to Snakes      Tmut           ##......     4%          2    ###....
c - Blade Hands           Tmut           ##........   65%         5    ######.

Your spell library contained the following spells:

 Spells                   Type           Power        Failure   Level  Hunger
 Spider Form              Tmut/Pois      #.........   26%         3    ###....
 Ice Form                 Ice/Tmut       #.......     65%         4    #####..


Dungeon Overview and Level Annotations

Branches:
Dungeon (8/15)             Temple (0/1) D:5            Lair (0/6) D:8

Altars:
Ashenzari
Cheibriados
Elyvilon
Gozag
Hepliaklqana
Qazlal
Trog
Yredelemnul

Shops:
D:4 [


Innate Abilities, Weirdness & Mutations

You can breathe bolts of dispelling energy.
Your rich purple scales are hard. (AC +7)
You cannot fit into any form of body armour.
You are cold-blooded and may be slowed by cold attacks.


Message History

Press: ? - help, Shift-Dir - straight line, f - two-headed ogre
Aim: a two-headed ogre, wielding two giant clubs (severely wounded)
You fail to use your ability.
The two-headed ogre hits you with a giant club!!
* * * LOW HITPOINT WARNING * * *
The two-headed ogre hits you with a giant club.
* * * LOW HITPOINT WARNING * * *
Unknown command.
You feel much better.
You punch the two-headed ogre!
The two-headed ogre is severely wounded.
You block the two-headed ogre's attack.
The two-headed ogre hits you with a giant club!!
* * * LOW HITPOINT WARNING * * *
You feel much better.
The two-headed ogre hits you with a giant club!!
* * * LOW HITPOINT WARNING * * *
The two-headed ogre hits you with a giant club!!
You die...
Your body crumbles into a pile of gold.

..........#**
****###....!.....#
.....(....#
##.............
(######...#
#.....#....#..$ ## ##..#
##..!.#...#####$ .# #..#
##........## #. ># #..#
##.......(## ##. ## ##..#
##.........# *#.. #
#...#####..O......## *#..#
# #....##...@#.....##
##..#* #
##.........##.....# ##..#*
#
#.........##.....#####..#*
#
###...>...#.............#
# ###)..................##
#....................###
##..........($...###....
#..............## #####
*#..#####.......#*


You could see a two-headed ogre.

Vanquished Creatures
  2 hungry ghosts (D:7)
  2 ice beasts
  A sky beast (D:7)
  2 eyes of draining (D:3)
  A necrophage (D:6)
  A phantom (D:5)
  3 centaurs (D:7)
  A crocodile (D:8)
  3 elf zombies (Ossuary)
  4 bullfrogs
  4 killer bees (D:8)
  4 wights (D:6)
  A howler monkey (D:5)
  5 crimson imps
  A centaur zombie (Ossuary)
  2 hounds
  A jelly (D:8)
  A bullfrog zombie (D:8)
  10 orc priests
  A bullfrog skeleton (D:6)
  A human zombie (Ossuary)
  An orc wizard (D:3)
  An iguana (D:5)
  Ijyb (D:5)
  A big kobold zombie (Ossuary)
  A hound zombie (Ossuary)
  A hound skeleton (D:4)
  3 mummies (Ossuary)
  4 gnolls
  6 adders
  A howler monkey skeleton (D:8)
  3 shadow imps
  2 oozes
  An adder zombie (Ossuary)
  A worm (D:2)
  3 leopard geckos
  18 orcs
  A ball python (D:2)
  9 giant cockroaches
  15 goblins
  5 hobgoblins
  12 jackals
  9 kobolds
  11 bats
  6 frilled lizards
  4 gnoll zombies (Ossuary)
  A goblin zombie (Ossuary)
  4 hobgoblin zombies (Ossuary)
  3 jackal zombies (Ossuary)
  3 kobold zombies (Ossuary)
  A leopard gecko skeleton (D:6)
  2 orc zombies (Ossuary)
  2 quokka skeletons
  6 quokka zombies (Ossuary)
  7 rats
  5 rat zombies
205 creatures vanquished.

Vanquished Creatures (collateral kills)
  Grinder (D:4)
  An ogre (D:8)
  A dart slug (D:4)
3 creatures vanquished.

Grand Total: 208 creatures vanquished

Notes
Turn   | Place    | Note
-------+----------+-------------------------------------------
     0 | D:1      | sking99 the Draconian Transmuter began the quest for the Orb.
     0 | D:1      | Reached XP level 1. HP: 16/16 MP: 3/3
   212 | D:1      | Reached XP level 2. HP: 18/23 MP: 5/5
   906 | D:1      | Reached XP level 3. HP: 27/29 MP: 6/6
  1693 | D:2      | Reached XP level 4. HP: 35/36 MP: 7/7
  2190 | D:3      | Reached skill level 4 in Unarmed Combat
  2397 | D:3      | Found an opulent altar of Gozag.
  2398 | D:3      | Found a white marble altar of Elyvilon.
  2441 | D:3      | Became a worshipper of Gozag Ym Sagoz the Greedy
  2610 | D:3      | Reached XP level 5. HP: 13/42 MP: 1/8
  2909 | D:3      | Noticed an eye of draining
  2915 | D:3      | Found a bloodstained altar of Trog.
  2915 | D:3      | Noticed an eye of draining
  2931 | D:3      | Killed an eye of draining
  2931 | D:3      | Reached XP level 6. HP: 51/51 MP: 0/9
  2951 | D:3      | Reached skill level 5 in Unarmed Combat
  3017 | D:4      | Found Quloulur's Armour Boutique.
  3038 | D:4      | Noticed Grinder
  3333 | D:4      | Found a snail-covered altar of Cheibriados.
  3379 | D:4      | Paralysed by Grinder for 2 turns
  3386 | D:3      | Learned a level 2 spell: Sticks to Snakes
  3389 | D:4      | Paralysed by Grinder for 4 turns
  3405 | D:4      | Killed Grinder
  3405 | D:4      | Your scales start taking on a rich purple colour.
  3405 | D:4      | Reached XP level 7. HP: 22/57 MP: 4/10
  3554 | D:4      | Found a sand-covered staircase.
  3586 | Ossuary  | Entered an ossuary
  3966 | Ossuary  | Learned a level 5 spell: Blade Hands
  4059 | Ossuary  | Reached skill level 6 in Unarmed Combat
  5531 | D:5      | Entered Level 5 of the Dungeon
  5565 | D:5      | Found a staircase to the Ecumenical Temple.
  5565 | D:5      | Noticed Ijyb
  5667 | D:5      | Killed Ijyb
  5691 | D:5      | Reached XP level 8. HP: 67/67 MP: 11/11
  5828 | D:5      | Found a stormy altar of Qazlal.
  6460 | D:6      | Found a basalt altar of Yredelemnul.
  6621 | D:6      | Reached skill level 7 in Unarmed Combat
  6640 | D:6      | Reached skill level 5 in Fighting
  6744 | D:6      | Reached skill level 5 in Transmutations
  6907 | D:6      | Found a shattered altar of Ashenzari.
  7372 | D:6      | Reached skill level 8 in Unarmed Combat
  7529 | D:6      | Reached skill level 5 in Dodging
  7756 | D:6      | Found a hazy altar of Hepliaklqana.
  8014 | D:7      | Reached XP level 9. HP: 75/75 MP: 12/12
  8273 | D:7      | Found a basalt altar of Yredelemnul.
  8469 | D:7      | Reached skill level 9 in Unarmed Combat
  8825 | D:8      | Found a staircase to the Lair.
 10083 | D:8      | Noticed a two-headed ogre
 10130 | D:8      | Slain by a two-headed ogre

Vault maps used:
D:1:      denvon_arrival_planthouse
D:2:      st_stairs_11
D:3:      lemuel_crystal_altar, grunt_gozag_statues, trog_eyes_of_draining,
          first_ration, eino_tiny_chamber
D:4:      cheibriados_altar_1, serial_shops, shop, enter_ossuary_3, uniq_grinder
D:5:      nicolae_overflow_hidden_temple, minmay_temple_entry_glassed_door,
          uniq_ijyb
D:6:      old_standard_altar, marbit_many_paths, lemuel_crystal_altar
D:7:      yredelemnul_altar_generic
D:8:      lemuel_round_altar, lair_entry_dummy, enter_bailey_3, uniq_maurice,
          uniq_prince_ribbit1
Ossuary:  minmay_ossuary_two_tombs

Skill      XL: |  1  2  3  4  5  6  7  8  9 |
---------------+----------------------------+-----
Dodging        | 2 3 4 5 6 |  6.1
Fighting       | 2 3 4 5 7 |  7.1
Unarmed Combat | 4 5 6 8 9 |  9.7
Transmutations | 3 4 5 |  5.0
Spellcasting   | |  2.4

Action                   |  1- 3 |  4- 6 |  7- 9 || total
-------------------------+-------+-------+-------++-------
Melee: Unarmed           |   163 |   146 |   664 ||   973
       Tailslap          |    16 |    27 |    86 ||   129
       Kick              |     2 |     4 |    10 ||    16
       Headbutt          |       |     3 |     2 ||     5
       Punch             |       |       |    28 ||    28
 Cast: Beastly Appendage |     1 |     6 |     8 ||    15
       Sticks to Snakes  |       |     3 |     5 ||     8
Invok: Potion Petition   |       |     1 |     2 ||     3
 Abil: Breathe Dispellin |       |       |    14 ||    14
  Use: Potion            |     1 |     1 |     2 ||     4
       Scroll            |       |    12 |     9 ||    21
 Stab: Distracted        |       |       |     1 ||     1
       Sleeping          |       |       |     1 ||     1
  Eat: Chunk             |     3 |     2 |       ||     5
       Ration            |       |     1 |    10 ||    11
Armor: Skin              |    48 |    26 |   153 ||   227
Dodge: Dodged            |   101 |    74 |   380 ||   555
Block: Other             |       |       |    19 ||    19

Table legend:
 A = Spawn XP
 B = Non-spawn XP
 C = Spawn XP percentage of total XP
 D = Spawn monster count
 E = Non-spawn monster count
 F = Spawn count percentage of total count
 G = Total turns spent on level
                    A         B        C        D         E        F      G
               +---------+---------+-------+---------+---------+-------+---------
         Total |       0 |    4781 |   0.0 |       0 |     208 |   0.0 | 10130
               +---------+---------+-------+---------+---------+-------+---------
           D:1 |       0 |      49 |   0.0 |       0 |      28 |   0.0 |  1234
           D:2 |       0 |      55 |   0.0 |       0 |      24 |   0.0 |  1117
           D:3 |       0 |     456 |   0.0 |       0 |      21 |   0.0 |   875
           D:4 |       0 |     282 |   0.0 |       0 |      16 |   0.0 |  1402
           D:5 |       0 |     305 |   0.0 |       0 |      11 |   0.0 |   866
           D:6 |       0 |    1115 |   0.0 |       0 |      30 |   0.0 |  1538
           D:7 |       0 |    1302 |   0.0 |       0 |      22 |   0.0 |  1388
           D:8 |       0 |     715 |   0.0 |       0 |      19 |   0.0 |   759
       Ossuary |       0 |     502 |   0.0 |       0 |      37 |   0.0 |   951
               +---------+---------+-------+---------+---------+-------+---------
